 Dungeon Crawl Stone Soup version 0.15.2 (webtiles) character file.

213926 RottenBandages the Black Belt (level 18, -23/140 (146) HPs)
             Began as a Mummy Monk on Oct 28, 2015.
             Annihilated by a tentacled starspawn (26 damage)
             ... on Level 1 of the Abyss on Oct 29, 2015.
             The game lasted 06:10:39 (162140 turns).

RottenBandages the Black Belt (Mummy Monk)        Turns: 162140, Time: 06:10:40

HP -23/140 (146) AC 14     Str 11 (17) XL: 18   Next: 66%
MP  17/17        EV 24     Int  1 (9)  God:
Gold 2468        SH 19     Dex 19 (24) Spells:  0 memorised, 17 levels left

rFire  + . .     SeeInvis .       - Unarmed
rCold  + + .     Clarity  .     (no armour)
rNeg   + + +     rCorr    .     q - +2 large shield {rC+ rF+}
rPois  +         rRot     +     r - +2 helmet
rElec  .         Spirit   .     u - +3 cloak of Flash {+Fly EV+4}
SustAb .         Warding  .     m - +2 pair of gloves {Str+3}
rMut   .         Stasis   .     E - +2 pair of boots
Gourm  +                        h - amulet of the gourmand
MR     ++...                    z - +4 ring of dexterity
                                s - ring of protection from fire

@: constricted, very resistant to hostile enchantments, quite stealthy
A: no food or potions, fire vulnerability, in touch with death, restore body,
cold resistance 1, negative energy resistance 3, poison resistance, torment
resistance, unbreathing
a: Self-Restoration, Evoke Flight


You were on level 1 of the Abyss.
You were not hungry.

You visited 7 branches of the dungeon, and saw 35 of its levels.
You visited the Abyss 1 time.
You visited 1 bazaar.

You collected 3861 gold pieces.
You spent 1393 gold pieces at shops.


Innate Abilities, Weirdness & Mutations

You do not eat or drink.
Your flesh is vulnerable to fire.
You are in touch with the powers of death.
You can restore your body by infusing magical energy.
Your flesh is cold resistant.
You are immune to negative energy.
Your system is resistant to poisons.
You are immune to unholy pain and torment.
You can survive without breathing.


   Skills:
 - Level 14.2 Fighting
 - Level 6.0 Armour
 - Level 12.0 Dodging
 + Level 11.6 Stealth
 - Level 12.0 Shields
 - Level 17.0 Unarmed Combat


You had 17 spell levels left.
You didn't know any spells.

Inventory:

Armour
 c - a +0 robe {Blankie}
 l - a +2 pair of gloves
 m - a +2 pair of gloves of strength (worn)
 q - a +2 large shield of resistance (worn)
 r - a +2 helmet (worn)
 u - the +3 cloak of Flash (worn) {+Fly EV+4}
   (You acquired it on level 4 of the Orcish Mines)

   It affects your evasion (+4).
   It lets you fly.
 E - a +2 pair of boots (worn)
Magical devices
 g - a wand of cold (6)
 y - a wand of cold (0)
 D - a wand of heal wounds (0) {Silky smooth}
Comestibles
 a - 17 fruits (quivered)
Scrolls
 b - 6 scrolls of enchant weapon
 d - 4 scrolls of recharging
 e - 8 scrolls of magic mapping
 f - a scroll of noise {!r}
 j - 17 scrolls of remove curse
 k - a scroll of fog
 n - 5 scrolls of immolation {!r}
 v - 2 scrolls of vulnerability
 x - 9 scrolls of identify {@r1}
 A - 3 scrolls of amnesia
 F - 2 scrolls of torment
Jewellery
 h - an amulet of the gourmand (around neck)
 s - a ring of protection from fire (left hand)
 z - a +4 ring of dexterity (right hand)
 B - an uncursed ring of ice
 C - a cursed +3 ring of evasion

Dungeon Overview and Level Annotations

Branches:
Dungeon (15/15)            Temple (0/1) D:6             Orc (4/4) D:11
    Elf (1/3) Orc:3          Lair (8/8) D:8          Shoals (0/5) Lair:4
  Snake (5/5) Lair:5        Slime (1/6) Lair:6       Vaults (0/5) D:14
 Depths (1/5) D:15

Altars:
Elyvilon
Kikubaaqudgha
Nemelex Xobeh
Okawaru
Trog
Xom
The Shining One
Beogh

Shops:
D:7 [   Orc:4 [[(}   Snake:2 ?[:?

Portals:
Bazaar: Orc:3

Annotations:
D:2 BRING THE OOD SPAWNS
D:4 exclusion: downstairs
D:9 exclusion: door
D:11 exclusion: 2 doors
D:13 exclusion: downstairs
Orc:3 Snorg, Snorg
Orc:4 Saint Roka
Lair:8 You hear a grinding noise
Snake:1 exclusion: 2 doors, Aizul, Azrael
Snake:2 exclusions: naga mage and naga sharpshooter
Snake:4 Fucking Vashnia, exclusions: anaconda, door and naga mage, Vashnia
Slime:1 Only go here when needed
Depths:1 I REGRET EVERYTHING

..#...# *.# x.# .. '
'..#...# .2. _..#.#.# # #
...# .#... ..
################....'...#.
...................2.2###
..#.....#wXw........ .#
).......#M....2........#
.....#.................
...............#########
##############.... #. .. .
.. .#


You could see a cacodemon (inner flame), a tentacled starspawn (inner flame) and
2 starspawn tentacles.


Message History

The tentacled starspawn completely misses you.
The smoke demon gestures at you.
The ball of steam hits something.
The shadow strikes at you from the darkness!
Reactivating autopickup.
The starspawn tentacle constricts you.
Read which item? (? for menu, Esc to quit)
Really read
w - a scroll of holy word {!r}?
As you read the scroll of holy word {!r}, it crumbles to dust.
You speak a Word of immense power!
You are blasted by holy energy!
* * * LOW HITPOINT WARNING * * *
The shadow convulses!
You destroy the shadow!
The cacodemon convulses!
The smoke demon convulses!
You kill the smoke demon!
You block the tentacled starspawn's attack.
The tentacled starspawn misses you.
* * * LOW HITPOINT WARNING * * *
The starspawn tentacle constricts you.
Read which item? (? for menu, Esc to quit)
Okay, then.
Read which item? (? for menu, Esc to quit)
Okay, then.
Read which item? (? for menu, Esc to quit)
Really read
n - 6 scrolls of immolation {!r}?
As you read the scroll of immolation {!r}, it crumbles to dust.
The creatures around you are filled with an inner flame!
The tentacled starspawn bites you!!
You die...

Action                   |  1- 3 |  4- 6 |  7- 9 | 10-12 | 13-15 | 16-18 || total
-------------------------+-------+-------+-------+-------+-------+-------++-------
Melee: Unarmed           |   156 |   309 |   579 |  1493 |  4452 |  4150 || 11139
 Abil: Self-Restoration  |       |       |       |       |     1 |       ||     1
  Use: Scroll            |       |    10 |     4 |    10 |    13 |    23 ||    60
 Stab: Sleeping          |     1 |     6 |     5 |    14 |    42 |    15 ||    83
       Distracted        |       |       |     1 |       |    15 |    26 ||    42
       Petrified         |       |       |       |       |     1 |       ||     1

Vault maps used:
D:1:      dpeg_arrival_refuge, minivault_25, st_stairs_14
D:2:      nicolae_tso_carved_into_rock, uniq_jessica, uniq_crazy_yiuf_cottage,
          uniq_terence
D:3:      first_bread
D:5:      uniq_iyjb, uniq_pikel
D:6:      minmay_temple_entry_large_hall
D:7:      serial_shops, kennysheep_mini_moat, grunt_ogre_cave
D:8:      grunt_temple_overflow_open, david_lair_generic, basic_altar
D:11:     erik_orc_3, uniq_psyche
D:12:     lightli_minifort
D:13:     minmay_elf_outpost, serial_undead, serial_undead_a, serial_undead_c,
          serial_undead_f, serial_undead_e
D:14:     grunt_vaults_entry_tiered, minmay_staircase_statues,
          serial_bayou_lagoon_b
D:15:     gammafunk_depths_entry_grave, okawaru_ov_weapons_minmay
Orc:1:    bloody_trog, uniq_edmund
Orc:2:    basic_altar, rock_pile, uniq_josephine, uniq_fannar
Orc:3:    nicolae_orc_pool_cavern, uniq_sonja, uniq_gastronok
Orc:4:    serial_shops, bzr_in_the_mist, grunt_orc_community_town_hall,
          grunt_orc_community_big_house_2, grunt_orc_community_big_house_2,
          grunt_orc_community_house_1, grunt_orc_community_house_2,
          grunt_orc_community_house_3, grunt_orc_community_house_2,
          grunt_orc_community_house_2, guppyfry_orc_lava_fort, uniq_urug,
          uniq_snorg, uniq_saint_roka
Elf:1:    grunt_megastairs_2
Lair:1:   nicolae_quartered_pool_super, grunt_megastairs_3
Lair:3:   lemuel_fruit_tree, serial_bayou_shore_b
Lair:4:   minmay_shoals_entry_beasts, nicolae_volcano_entry_s_turn,
          bh_autumn_forest_stairs
Lair:5:   minmay_snake_entry_spellcaster, uniq_erica
Lair:6:   minmay_slime_entry_pillars, grunt_forest_small_clearing_treed,
          grunt_megastairs_4
Lair:7:   kennysheep_abandoned_house, lemuel_fruit_fields, serial_bayou_shore_b
Lair:8:   wormcave, guppyfry_lair_end_dragon, lemuel_fruit_fields,
          infiniplex_staircase_pool
Snake:1:  serial_bayou_shore_b, uniq_azrael, uniq_aizul
Snake:2:  serial_shops, nicolae_shop_stone, shop, shop, shop_coins
Snake:3:  minmay_snake_river
Snake:4:  nicolae_coiled_stairwell_down, uniq_vashnia, uniq_agnes
Snake:5:  snake_pit_salamanders_mu, spider_trap, nicolae_snake_horde_hoard
Depths:1: enter_ziggurat_d, rand_demon_pan_entry_9, hell_entry, serial_shops,
          bzr_entry_gold, nicolae_trove_entry_columns, hangedman_glass_garden,
          lemuel_flamethrower_hall, serial_bayou_shore_b
Bazaar:   bazaar_minmay_generic_island

Notes
Turn   | Place    | Note
--------------------------------------------------------------
     0 | D:1      | RottenBandages, the Mummy Monk, began the quest for the Orb.
     0 | D:1      | Reached XP level 1. HP: 18/18 MP: 1/1
   132 | D:1      | Reached XP level 2. HP: 13/24 MP: 2/2
   592 | D:1      | Reached skill level 4 in Unarmed Combat
   990 | D:2      | Reached XP level 3. HP: 24/29 MP: 3/3
  1058 | D:2      | Found a glowing golden altar of the Shining One.
  1153 | D:2      | Noticed Jessica
  1166 | D:2      | Killed Jessica
  1247 | D:2      | Noticed Crazy Yiuf
  1267 | D:2      | Noticed Terence
  1456 | D:2      | HP: 2/29 [Terence/flail (7)]
  1548 | D:2      | Killed Terence
  1726 | D:2      | Reached XP level 4. HP: 26/35 MP: 4/4
  2150 | D:2      | Reached skill level 5 in Unarmed Combat
  3190 | D:3      | Reached XP level 5. HP: 37/41 MP: 5/5
  3755 | D:4      | Reached skill level 6 in Unarmed Combat
  4245 | D:5      | Entered Level 5 of the Dungeon
  4261 | D:5      | Reached XP level 6. HP: 22/47 MP: 6/6
  4402 | D:5      | Noticed a wyvern
  4691 | D:5      | Noticed Pikel
  4691 | D:5      | Noticed a slave
  4691 | D:5      | Noticed a slave
  4691 | D:5      | Noticed a slave
  4692 | D:5      | Noticed a slave
  4723 | D:6      | Killed a slave
  4946 | D:6      | Reached skill level 7 in Unarmed Combat
  5143 | D:6      | Reached XP level 7. HP: 37/52 MP: 7/7
  5716 | D:6      | Found a staircase to the Ecumenical Temple.
  5773 | D:6      | Reached skill level 8 in Unarmed Combat
  6252 | D:6      | Reached skill level 3 in Dodging
  6469 | D:6      | Reached XP level 8. HP: 58/58 MP: 8/8
  6531 | D:5      | Noticed a centaur
  6547 | D:5      | Killed a centaur
  6547 | D:5      | Reached skill level 4 in Dodging
  6836 | D:4      | Killed Pikel
  6836 | D:4      | Reached skill level 5 in Dodging
  7036 | D:7      | Reached skill level 6 in Dodging
  7397 | D:1      | Killed Crazy Yiuf
  7446 | D:3      | Reached skill level 4 in Fighting
  7785 | D:7      | Found Ciruagif's Antique Armour Shoppe.
  7788 | D:7      | Bought a helmet for 130 gold pieces
  7913 | D:7      | Noticed a hippogriff
  7972 | D:7      | Killed a hippogriff
  7972 | D:7      | Reached skill level 5 in Fighting
  8093 | D:7      | Reached XP level 9. HP: 65/68 MP: 9/9
  8785 | D:7      | Reached skill level 6 in Fighting
  9131 | D:8      | Found a shimmering altar of Xom.
  9132 | D:8      | Found a white marble altar of Elyvilon.
  9136 | D:8      | Found a bloodstained altar of Trog.
  9137 | D:8      | Found a sparkling altar of Nemelex Xobeh.
  9230 | D:8      | Found an ancient bone altar of Kikubaaqudgha.
  9242 | D:8      | Got a distressingly furry ring mail
  9248 | D:8      | Identified the +3 ring mail of Repulsion {Str+3 Int+2} (You found it on level 8 of the Dungeon)
  9321 | D:8      | Found a staircase to the Lair.
  9321 | D:8      | Noticed an elephant
  9463 | D:8      | Killed an elephant
  9463 | D:8      | Reached skill level 9 in Unarmed Combat
  9921 | D:8      | Reached skill level 10 in Unarmed Combat
 10686 | D:8      | Reached XP level 10. HP: 68/76 MP: 10/10
 10849 | D:8      | Reached skill level 7 in Dodging
 11468 | D:9      | Reached skill level 8 in Dodging
 11891 | D:9      | Reached skill level 7 in Fighting
 12028 | D:9      | Noticed a seven-headed hydra
 12622 | D:9      | Reached skill level 8 in Fighting
 12799 | Lair:1   | Entered Level 1 of the Lair of Beasts
 12957 | Lair:1   | Reached skill level 9 in Fighting
 13287 | Lair:1   | Reached XP level 11. HP: 77/89 MP: 11/11
 14226 | Lair:2   | Reached skill level 11 in Unarmed Combat
 15525 | Lair:1   | Reached skill level 12 in Unarmed Combat
 15582 | Lair:1   | HP: 1/89 [komodo dragon (16)]
 15774 | Lair:1   | Reached skill level 2 in Stealth
 16086 | Lair:2   | Reached skill level 3 in Stealth
 16665 | Lair:2   | Reached skill level 4 in Stealth
 17063 | Lair:3   | Noticed zordkkahn's ghost (powerful DrVM)
 17198 | Lair:3   | Reached skill level 5 in Stealth
 17432 | Lair:3   | Noticed Heini's ghost (powerful MiFi)
 17462 | Lair:4   | Noticed a six-headed hydra
 17723 | Lair:4   | Reached skill level 6 in Stealth
 17795 | Lair:4   | Reached XP level 12. HP: 93/95 MP: 12/12
 18024 | Lair:5   | Noticed a four-headed hydra
 18692 | Lair:5   | Found a staircase to the Snake Pit.
 18699 | Lair:5   | Noticed Erica
 19416 | Lair:6   | Reached skill level 9 in Dodging
 19836 | Lair:6   | Found a staircase to the Slime Pits.
 20213 | Lair:6   | Reached skill level 10 in Dodging
 21166 | Lair:4   | Found a staircase to the Shoals.
 21208 | Lair:5   | Reached skill level 10 in Fighting
 21847 | Lair:6   | Noticed a five-headed hydra
 23132 | Lair:7   | Identified a scroll of acquirement
 23149 | Lair:7   | Reached skill level 13 in Unarmed Combat
 23430 | Lair:7   | Reached XP level 13. HP: 98/103 MP: 13/13
 23727 | Lair:7   | Noticed a four-headed hydra
 24357 | Lair:4   | Reached skill level 7 in Stealth
 24908 | D:10     | Entered Level 10 of the Dungeon
 25329 | D:7      | Bought a runed buckler for 130 gold pieces
 25631 | D:10     | Reached skill level 1 in Shields
 26159 | D:10     | Reached skill level 2 in Shields
 26674 | D:5      | Killed a wyvern
 26945 | D:11     | Noticed Psyche
 26971 | D:11     | Killed Psyche
 26971 | D:11     | Reached skill level 3 in Shields
 26997 | D:11     | Found a staircase to the Orcish Mines.
 27547 | D:11     | Reached skill level 4 in Shields
 28155 | D:11     | Reached skill level 5 in Shields
 28211 | Orc:1    | Entered Level 1 of the Orcish Mines
 28432 | Orc:2    | Noticed Fannar
 28463 | Orc:1    | Killed Fannar
 28668 | Orc:2    | Noticed Josephine
 28699 | Orc:2    | Killed Josephine
 28766 | Orc:2    | Found a roughly hewn altar of Beogh.
 29168 | Orc:1    | Found a bloodstained altar of Trog.
 29169 | Orc:1    | Noticed Edmund
 29511 | Orc:1    | Killed Edmund
 29511 | Orc:1    | Reached skill level 11 in Fighting
 29609 | Orc:3    | Noticed Sonja
 29681 | Orc:3    | Noticed Gastronok
 29804 | Orc:3    | Killed Gastronok
 29804 | Orc:3    | Reached skill level 8 in Stealth
 29964 | Orc:3    | Found a staircase to the Elven Halls.
 29986 | Elf:1    | Entered Level 1 of the Elven Halls
 30115 | Elf:1    | Got a pair of encrusted boots
 30121 | Elf:1    | Identified the cursed -4 pair of boots "Zoyr" {Slay+6} (You found it on level 1 of the Elven Halls)
 30603 | Orc:4    | Entered Level 4 of the Orcish Mines
 30603 | Orc:4    | Noticed Snorg
 30864 | Orc:4    | Noticed Saint Roka
 30998 | Orc:4    | Found a roughly hewn altar of Beogh.
 31072 | Orc:4    | Found a gateway to a bazaar.
 31074 | Orc:4    | Noticed Urug
 33277 | D:12     | Reached skill level 9 in Stealth
 35047 | Lair:4   | Reached XP level 14. HP: 107/113 MP: 14/14
 36032 | Lair:5   | Killed Erica
 38315 | D:13     | Noticed a ghoul
 38767 | D:13     | Reached skill level 14 in Unarmed Combat
 38828 | D:13     | Noticed a ghoul
 39471 | Orc:4    | Found a roughly hewn altar of Beogh.
 39920 | Orc:4    | Found a roughly hewn altar of Beogh.
 39943 | Orc:4    | Found Pserip Daha's Magic Scroll Boutique.
 39951 | Orc:4    | Pserip Daha's Magic Scroll Boutique was a mimic.
 40686 | Orc:4    | Found a roughly hewn altar of Beogh.
 40697 | Orc:4    | Found Trys' Armour Shop.
 40820 | Orc:4    | Bought a +0 pair of boots for 67 gold pieces
 41436 | Orc:4    | Found Stesee's Gadget Boutique.
 42514 | Orc:2    | Reached skill level 11 in Dodging
 42629 | Orc:4    | Noticed an orc warlord
 42858 | Orc:3    | Killed Urug
 43732 | Orc:4    | Found a roughly hewn altar of Beogh.
 43735 | Orc:4    | Found Pnetaq's Antique Armour Shop.
 43737 | Orc:4    | Found Kanuis' Antique Weapon Boutique.
 44122 | Bazaar   | Entered a bazaar
 44122 | Bazaar   | Found Praepsez's Book Shop.
 44122 | Bazaar   | Found Quhutrea's Antique Armour Emporium.
 44122 | Bazaar   | Found Quutawkank's Weapon Shop.
 44123 | Bazaar   | Found Amyal's Antique Weapon Shoppe.
 44124 | Bazaar   | Found Coat's Food Boutique.
 44124 | Bazaar   | Found Antomm's Gadget Shoppe.
 44128 | Bazaar   | Bought a pair of embroidered gloves for 126 gold pieces
 44167 | Bazaar   | Bought a runed large shield for 126 gold pieces
 44178 | Bazaar   | Identified a +2 large shield of resistance (You bought it in a shop in a bazaar)
 44839 | Lair:3   | Killed zordkkahn's ghost
 45285 | Lair:3   | Killed Heini's ghost
 45614 | Lair:2   | Killed a six-headed hydra
 45614 | Lair:2   | Reached skill level 6 in Shields
 46186 | Lair:5   | Killed a five-headed hydra
 46388 | Lair:5   | Killed a four-headed hydra
 46388 | Lair:5   | Reached XP level 15. HP: 43/118 MP: 15/15
 46573 | Lair:5   | Reached skill level 7 in Shields
 47259 | Lair:7   | Killed a four-headed hydra
 47454 | Lair:8   | Entered Level 8 of the Lair of Beasts
 47635 | Lair:8   | Reached skill level 8 in Shields
 48364 | Lair:8   | Reached skill level 9 in Shields
 49376 | Lair:8   | Reached skill level 10 in Shields
 52607 | Snake:1  | Entered Level 1 of the Snake Pit
 52968 | Snake:1  | Noticed Aizul
 53203 | Snake:1  | Reached skill level 15 in Unarmed Combat
 53670 | Snake:1  | Reached skill level 1 in Armour
 54059 | Snake:1  | Noticed Azrael
 54221 | Snake:1  | Reached skill level 2 in Armour
 54762 | Snake:2  | Found Qaho's Book Emporium.
 54951 | Snake:2  | Reached skill level 3 in Armour
 55074 | Snake:2  | Reached XP level 16. HP: 125/125 MP: 15/15
 56243 | D:12     | Reached skill level 4 in Armour
 57406 | D:13     | Reached skill level 5 in Armour
 58845 | D:13     | Reached skill level 6 in Armour
 59381 | D:14     | Noticed Huymann's ghost (powerful SpEn)
 60326 | D:14     | Noticed BoredOne's ghost (powerful DrCj)
 60591 | D:14     | Killed BoredOne's ghost
 61075 | D:14     | Reached skill level 11 in Shields
 61596 | D:14     | Found a gate to the Vaults.
 62407 | D:14     | Reached skill level 12 in Shields
 62610 | D:15     | Entered Level 15 of the Dungeon
 65014 | D:15     | Found a staircase to the Depths.
 65666 | D:15     | Reached XP level 17. HP: 112/131 MP: 16/16
 65819 | D:15     | Found an iron altar of Okawaru.
 66850 | Snake:2  | Found Mulujup's Magic Scroll Emporium.
 66859 | Snake:2  | Bought a scroll of fear for 56 gold pieces
 66859 | Snake:2  | Bought a scroll of teleportation for 48 gold pieces
 66859 | Snake:2  | Bought a scroll of magic mapping for 56 gold pieces
 66859 | Snake:2  | Bought a scroll of magic mapping for 56 gold pieces
 67213 | Snake:2  | Found Waaxap's Antique Armour Boutique.
 67215 | Snake:2  | Found Quareoha's Magic Scroll Boutique.
 67223 | Snake:2  | Bought 2 scrolls of teleportation for 90 gold pieces
 67223 | Snake:2  | Bought a scroll of teleportation for 45 gold pieces
 67223 | Snake:2  | Bought a scroll of torment for 112 gold pieces
 67223 | Snake:2  | Bought a scroll of teleportation for 45 gold pieces
 67223 | Snake:2  | Bought a scroll of torment for 112 gold pieces
 67223 | Snake:2  | Bought a scroll of fog for 30 gold pieces
 67223 | Snake:2  | Bought a scroll of vulnerability for 112 gold pieces
 67223 | Snake:2  | Bought a scroll of immolation for 52 gold pieces
 67246 | Snake:2  | Reached skill level 16 in Unarmed Combat
 68093 | Snake:2  | Got a shimmering ring mail
 68094 | Snake:2  | Identified the cursed +0 ring mail of Midwinter {rF+ MR+} (You found it on level 2 of the Snake Pit)
 69756 | Snake:4  | Got a jewelled shield
 69767 | Snake:4  | Identified the -8 shield of Disaster {Dex-2} (You acquired it on level 4 of the Snake Pit)
 69825 | Snake:4  | Noticed Vashnia
 70427 | Snake:1  | Reached skill level 12 in Fighting
 72533 | Snake:3  | Reached skill level 13 in Fighting
 74161 | Snake:3  | Reached skill level 10 in Stealth
 75153 | Snake:5  | Entered Level 5 of the Snake Pit
 76353 | Orc:2    | Killed an orc warlord
 76584 | Orc:3    | Killed Sonja
 76956 | Depths:1 | Entered Level 1 of the Depths
 77565 | Lair:7   | Reached skill level 11 in Stealth
 77831 | Slime:1  | Entered Level 1 of the Pits of Slime
 78355 | Elf:1    | Noticed a deep elf sorcerer
 78387 | Elf:1    | Noticed zordkkahn's ghost (powerful DrVM)
 78404 | Elf:1    | HP: 13/136 [deep elf conjurer/bolt of lightning (16)]
 89366 | D:2      | Found a glowing golden altar of the Shining One.
120372 | D:2      | Reached XP level 18. HP: 143/143 MP: 17/17
120610 | D:2      | Found a glowing golden altar of the Shining One.
121375 | D:2      | Found a glowing golden altar of the Shining One.
122112 | D:2      | Found a glowing golden altar of the Shining One.
122883 | D:2      | Found a glowing golden altar of the Shining One.
124083 | D:2      | Found a glowing golden altar of the Shining One.
140485 | D:2      | Found a glowing golden altar of the Shining One.
141186 | D:2      | Found a glowing golden altar of the Shining One.
141772 | D:2      | Found a glowing golden altar of the Shining One.
149816 | D:14     | Killed Huymann's ghost
150440 | D:14     | Found a gate to the Vaults.
150996 | D:14     | Found a gate to the Vaults.
151364 | D:14     | Found a gate to the Vaults.
151828 | D:14     | Found a gate to the Vaults.
151928 | D:14     | Reached skill level 17 in Unarmed Combat
152564 | D:14     | Found a gate to the Vaults.
153161 | D:14     | Found a gate to the Vaults.
153588 | D:14     | Found a gate to the Vaults.
154021 | D:14     | Found a gate to the Vaults.
154128 | D:15     | Found a staircase to the Depths.
154275 | D:15     | Found an iron altar of Okawaru.
154643 | D:15     | Found a staircase to the Depths.
154789 | D:15     | Found an iron altar of Okawaru.
155144 | D:15     | Found a staircase to the Depths.
155849 | D:15     | Found a staircase to the Depths.
155934 | D:15     | Found an iron altar of Okawaru.
156107 | D:15     | Reached skill level 12 in Dodging
156469 | D:15     | Found an iron altar of Okawaru.
156582 | D:15     | Found a staircase to the Depths.
156890 | D:15     | Found an iron altar of Okawaru.
156927 | D:15     | Found a staircase to the Depths.
157437 | D:15     | Found a staircase to the Depths.
157484 | D:15     | Found an iron altar of Okawaru.
158614 | D:12     | Killed a ghoul
158958 | D:13     | Killed a ghoul
159964 | Elf:1    | Killed zordkkahn's ghost
160624 | Elf:1    | Cast into the Abyss (deep elf sorcerer)
160748 | Abyss:1  | Reached skill level 14 in Fighting
160754 | Abyss:1  | Found a burning altar of Makhleb.
161708 | Abyss:1  | Noticed a bone dragon
161984 | Abyss:1  | Found a corrupted altar of Lugonu.
161996 | Abyss:1  | Found a corrupted altar of Lugonu.
162120 | Abyss:1  | Found a corrupted altar of Lugonu.
162138 | Abyss:1  | HP: 8/140 [tentacled starspawn (21)]
162139 | Abyss:1  | HP: 2/140 [starspawn tentacle[a tentacled starspawn] (3)]
162140 | Abyss:1  | Annihilated by a tentacled starspawn

Vanquished Creatures
  A greater naga (Snake:4)
  An orc warlord (Orc:2)
  A fire giant (D:2)
  Gastronok (Orc:3)
  2 ghouls
  The ghost of BoredOne the Scorcher, a powerful DrCj of Vehumet (D:14)
  A balrug (Abyss:1)
  2 deep elf annihilators
  A quicksilver dragon zombie (D:15)
  A fire dragon (Lair:7)
  Josephine (Orc:2)
  The ghost of Heini the Protected, a powerful MiFi of Okawaru (Lair:3)
  The ghost of Huymann the Covert, a powerful SpEn of Okawaru (D:14)
  2 vault guards (D:14)
  An ogre mage (D:15)
  The ghost of zordkkahn the Arsonist, a powerful DrVM of Vehumet (Lair:3)
  Fannar (Orc:1)
  9 naga warriors
  The ghost of zordkkahn the Traitor, a powerful DrVM of Yredelemnul (Elf:1)
  13 anacondas
  12 hydras
  An ice dragon (Lair:7)
  Erica (Lair:5)
  A tengu warrior (D:15)
  4 centaur warriors
  2 orc high priests
  7 death yaks
  A vampire mage (D:15)
  11 naga sharpshooters
  Urug (Orc:3)
  A soul eater (Abyss:1)
  3 shock serpents
  A wretched star (Abyss:1)
  2 catoblepae
  4 skeletal warriors
  2 salamander mystics
  A shadow wraith (D:13)
  5 deep elf knights
  3 unseen horrors
  A wizard (D:14)
  A large abomination (Abyss:1)
  A giant orange brain (Abyss:1)
  10 deep elf summoners
  3 lindwurms (Lair:8)
  Pikel (D:4)
  8 hill giants
  3 necromancers
  A wolf spider zombie (D:13)
  7 deep elf conjurers
  22 ugly things
  10 orc knights
  7 mana vipers
  7 griffons
  2 orc sorcerers
  3 manticores
  8 salamanders
  2 wolf spiders
  3 cyclopes
  2 guardian serpents
  2 centaur zombies (D:13)
  29 black mambas
  7 gargoyles
  10 naga magi
  2 frost giant skeletons (D:15)
  A centaur skeleton (D:11)
  23 elephants
  A mermaid (shapeshifter) (D:13)
  3 smoke demons (Abyss:1)
  Psyche (D:11)
  14 spiny frogs
  A feature mimic (Orc:4)
  An orange demon (Abyss:1)
  2 guardian mummies (D:13)
  13 fire drakes
  2 yaktaurs
  2 tengu conjurers (D:15)
  A hellwing (Abyss:1)
  2 hydra zombies
  2 efreet
  7 komodo dragons
  6 kobold demonologists
  2 polar bears
  6 trolls
  A freezing wraith (Abyss:1)
  2 ancient zymes (Abyss:1)
  5 two-headed ogres
  Sonja (Orc:3)
  3 giant leeches (Lair:8)
  A stone giant simulacrum (Abyss:1)
  2 boulder beetles
  26 slime creatures
  A hydra skeleton (Abyss:1)
  26 blink frogs
  9 ravens
  15 basilisks
  A trapdoor spider (D:15)
  18 humans (D:14)
  3 redbacks
  3 raiju (Abyss:1)
  4 shadows
  3 wraiths
  An ice dragon skeleton (D:15)
  7 deep elf magi
  A griffon skeleton (D:15)
  2 tarantellas (D:13)
  127 yaks
  4 steam dragons
  2 neqoxecs (Abyss:1)
  A water elemental (D:14)
  3 wyverns
  3 hill giant zombies
  3 fire elementals (Snake:1)
  A chaos spawn (Abyss:1)
  2 soldier ants (shapeshifter)
  20 deep elf fighters
  4 mottled dragons
  27 nagas
  9 vampire mosquitoes
  11 wargs
  Edmund (Orc:1)
  19 hippogriffs
  21 wolves
  3 hungry ghosts
  39 water moccasins
  A slave (D:6)
  2 soldier ants (D:15)
  16 porcupines
  A black bear (shapeshifter) (D:2)
  A hell hound (Snake:1)
  4 ice beasts
  3 manticore zombies
  A deep dwarf (shapeshifter) (D:14)
  4 small abominations (Abyss:1)
  2 yellow wasps
  A necrophage (D:9)
  49 orc warriors
  2 black bears
  24 centaurs
  2 sky beasts
  4 phantoms
  42 crocodiles
  21 ogres
  4 boring beetles
  4 brain worms (Lair:8)
  A brain worm (shapeshifter) (D:3)
  5 big kobolds
  A cyclops zombie (D:13)
  29 giant frogs
  2 cyclops skeletons
  A glowing shapeshifter simulacrum (D:2)
  2 troll zombies
  7 scorpions
  3 eyes of draining
  19 killer bees
  A water moccasin skeleton (D:2)
  A tengu zombie (D:11)
  A tengu skeleton (D:10)
  17 wights
  An electric eel (D:14)
  4 goliath beetles
  11 crimson imps
  3 giant frog zombies
  16 hounds
  A human zombie (D:14)
  2 iron imps (Abyss:1)
  40 orc priests
  9 jellies
  Crazy Yiuf (D:1)
  An elf zombie (D:11)
  20 iguanas
  6 orange rats
  A giant frog skeleton (D:11)
  A gnoll shaman (D:6)
  40 orc wizards
  A human skeleton (D:14)
  19 sheep
  10 worker ants
  2 killer bee zombies (D:14)
  2 mottled dragon zombies (D:15)
  A big kobold zombie (D:9)
  An ogre zombie (Orc:2)
  Jessica (D:2)
  A sky beast zombie (D:10)
  Terence (D:2)
  4 mummies
  A worker ant zombie (D:7)
  10 gnolls
  45 adders
  A gnoll zombie (D:6)
  9 orc zombies
  113 green rats
  2 shadow imps
  2 giant mites
  21 worms
  3 ufetubi (Abyss:1)
  An iguana skeleton (D:11)
  4 giant geckos
  2 oozes
  256 orcs
  8 ball pythons
  8 giant cockroaches
  20 hobgoblins
  20 quokkas
  20 bats
  5 giant newts
  A giant spore (D:6)
  21 goblins
  2 goblin skeletons
  2 hobgoblin skeletons
  A hobgoblin zombie (D:5)
  7 jackals
  31 kobolds
  2 kobold zombies
  An orc simulacrum (Orc:2)
  An orc skeleton (D:7)
  27 rats
  A rat skeleton (D:2)
  4 ballistomycetes (D:11)
  3 butterflies (Lair:8)
  3 fungi
  3 plants
1922 creatures vanquished.

Vanquished Creatures (others)
  A stone giant (Depths:1)
  A tengu conjurer (D:14)
  A deep elf mage (Elf:1)
  A wyvern (D:14)
  A naga (Snake:2)
  A vampire mosquito (D:15)
  A water moccasin (Snake:1)
  An orange rat (Lair:8)
  2 shadow imps
  An orc zombie (D:15)
  A giant spore (D:11)
  A butterfly (Elf:1)
  29 fungi
  19 plants
  5 starspawn tentacles (Abyss:1)
  114 starspawn tentacle segments (Abyss:1)
180 creatures vanquished.

Grand Total: 2102 creatures vanquished
